Cogmind - Beta 12 @@@ ROGUE MODE // 2023.09.23 @ 00:47:43 Player: Antsan Result: Destroyed by G-47 Trooper with Particle Gun Performance ------------- Evolutions (2) 1000 Regions Visited (3) 600 Robots Destroyed (27) 135 Value Destroyed (569) 569 Prototype IDs (0) 0 Alien Tech Used (0) 0 Bonus (0) 0 TOTAL SCORE: 2304 Bonus ------- None Cogmind --------- Core Integrity 0/550 Matter 125/300 Energy 100/100 System Corruption 0% Temperature Cool (36) Movement Core (50) Location -8/Materials Parts ------- > --- POWER (2) -------- (None) > --- PROPULSION (3) --- (None) > --- UTILITY (4) ------ ECM Suite > --- WEAPON (2) ------- (None) > --- INVENTORY (5) ---- Aluminum Leg Aluminum Leg Peak State ------------ > --- POWER ------------ Light Nuclear Core Light Nuclear Core > --- PROPULSION ------- Compact Wheel Armored Wheel Armored Wheel > --- UTILITY ---------- Small Storage Unit Sensor Array Improved Terrain Scanner System Shield > --- WEAPON ----------- EM Pulse Gun Improved Light Cannon > --- INVENTORY -------- Light Ion Engine Light Treads Light Treads Aluminum Leg Aluminum Leg Light Assault Rifle Grenade Launcher Datajack [Rating: 22] Favorites ----------- Power Ion Engine Engine Ion Engine Power Core Light Nuclear Core Propulsion Armored Wheel Treads Light Treads Wheel Armored Wheel Utility Small Storage Unit Device Sensor Array Storage Small Storage Unit Hackware System Shield Weapon Small Laser Energy Gun Small Laser Ballistic Gun Light Assault Rifle Ballistic Cannon Improved Light Cannon Launcher Grenade Launcher Special Melee Weapon Datajack Build | -11 -10 -9 -8 ------- Run | Jun Mat Mat Mat Slots Evolved 4 | . . 2 2 Power 1 | . . 1 . Propulsion 1 | . . . 1 Utility 2 | . . 1 1 Weapon . | . . . . Parts Attached 38 | 6 9 8 15 Power 8 | 1 1 3 3 Engine 6 | 1 1 3 1 Core 2 | . . . 2 Reactor . | . . . . Propulsion 10 | 2 2 2 4 Treads 4 | . 2 . 2 Leg . | . . . . Wheel 6 | 2 . 2 2 Hover . | . . . . Flight . | . . . . Utility 6 | 1 1 1 3 Device 4 | . 1 1 2 Storage 1 | 1 . . . Processor . | . . . . Hackware 1 | . . . 1 Protection . | . . . . Artifact . | . . . . Weapon 14 | 2 5 2 5 Energy Gun 7 | 2 3 1 1 Energy Cannon . | . . . . Ballistic Gun 2 | . 1 . 1 Ballistic Cannon 1 | . . . 1 Launcher 3 | . 1 1 1 Special Weapon . | . . . . Impact Weapon . | . . . . Slashing Weapon . | . . . . Piercing Weapon . | . . . . Special Melee Weapon 1 | . . . 1 Unidentified Prototypes . | . . . . Parts Lost 18 | . 2 . 16 Power 3 | . . . 3 Propulsion 6 | . 1 . 5 Utility 4 | . . . 4 Weapon 5 | . 1 . 4 Highest Loss Streak 13 | . 1 . 13 To Critical Strikes . | . . . . Average Slot Usage (%) 87 | . 98 93 66 Engine 13 | . 14 22 5 Core 1 | . . . 4 Treads 4 | . 6 1 4 Wheel 19 | . 21 20 15 Device 14 | . 13 16 13 Storage 11 | . 14 11 7 Hackware 1 | . . . 5 Energy Gun 8 | . 18 . 2 Ballistic Gun 7 | . 8 11 2 Ballistic Cannon 1 | . . . 3 Launcher 4 | . 1 10 1 Naked Turns . | . . . . Heaviest Build 23 | 10 15 21 23 Greatest Support 40 | 32 40 40 40 Greatest Overweight (x) 2 | 2 . . 1 Average Overweight (x) . | . . . . Largest Inventory Capacity 8 | 8 8 8 8 Average Capacity 7 | 7 8 8 7 Most Carried 8 | 6 8 8 8 Average Carried 6 | 3 7 7 4 Final Capacity 8 | 8 8 8 5 Final Carried 8 | 6 7 8 2 Class Distribution -------------------- 100% | Mutant Dominant Class ---------------- Mutant | -10/Materials Mutant | -9/Materials Mutant | -8/Materials Resources | -11 -10 -9 -8 ----------- Run | Jun Mat Mat Mat Matter Collected 610 | 218 169 64 159 Remotely . | . . . . Salvage Created 601 | . 353 124 124 Parts 58 | . 30 16 12 Haulers Intercepted . | . . . . Recyclers Shooed 4 | . 2 2 . Parts Field Recycled . | . . . . Retrieved Matter . | . . . . Parts Self-Destructed . | . . . . Prevented . | . . . . Kills | -11 -10 -9 -8 ------- Run | Jun Mat Mat Mat Combat Hostiles Destroyed 19 | . 12 5 2 Guns 11 | . 11 . . Cannons 2 | . . . 2 AOE 6 | . 1 5 . Classes Destroyed 6 | . 4 1 1 Worker 4 | . 1 2 1 Operator 2 | . . 2 . Watcher 2 | . 1 1 . Swarmer 8 | . 5 3 . Grunt 10 | . 7 2 1 Sentry 1 | . . . 1 Best Kill Streak 5 | . 5 4 1 Combat Bots Only 3 | . 3 3 1 Max Kills in Single Turn 2 | . 2 2 1 Gunslinging . | . . . . Exploded 1 | . 1 1 . Melee . | . . . . Uniques/NPCs Destroyed . | . . . . Combat | -11 -10 -9 -8 -------- Run | Jun Mat Mat Mat Damage Taken 2190 | . 485 160 1545 Core 664 | . 101 8 555 Absorbed by Shields . | . . . . Core Remaining (%) 85 | 100 59 98 . Volleys Fired 102 | . 60 20 22 Largest 2 | . 2 2 2 Hottest 80 | . 80 60 79 Shots Fired 190 | . 114 37 39 Gun 150 | . 112 21 17 Cannon 19 | . . . 19 Launcher 21 | . 2 16 3 Special . | . . . . Kinetic 81 | . 33 20 28 Thermal 79 | . 79 . . Explosive 21 | . 2 16 3 Electromagnetic 9 | . . 1 8 Robot Hit Streak 10 | . 10 3 4 Robot Miss Streak 4 | . 4 4 3 Penetration Max . | . . . . Secondary Targets 2 | . 2 . . Max Gunslinging Chain 1 | . 1 . . Shots Hit Robots 110 | . 73 13 24 Core Hits 53 | . 26 14 13 Critical Kills . | . . . . Critical Parts Destroyed . | . . . . Critical Strikes . | . . . . Melee Attacks 3 | . . . 3 Impact . | . . . . Slashing . | . . . . Piercing . | . . . . Sneak Attacks . | . . . . Combat Hostiles . | . . . . Follow-up Attacks . | . . . . Damage Inflicted 1764 | . 773 552 439 Guns 870 | . 691 61 118 Cannons 207 | . . . 207 Explosions 655 | . 82 491 82 Melee . | . . . . Ramming 32 | . . . 32 Kinetic 475 | . 179 46 250 Thermal 512 | . 512 . . Explosive 655 | . 82 491 82 Electromagnetic 90 | . . 15 75 Impact . | . . . . Slashing . | . . . . Piercing . | . . . . Highest Corruption 1 | . 1 . . Average Corruption 1 | . 1 . . Corruption Purged . | . . . . Corruption Blocked . | . . . . Effects 1 | . 1 . . Matter Fused 1 | . 1 . . Overload Shots . | . . . . Overflow Damage 16 | . . 11 5 Projectiles 5 | . . . 5 Explosions 11 | . . 11 . Melee . | . . . . Knockbacks 8 | . . . 8 Impact . | . . . . Kinetic 4 | . . . 4 Secondary 4 | . . . 4 Self-Inflicted Damage 129 | . 9 86 34 Shots 6 | . 1 4 1 Rammed 17 | . . . 17 Targets Rammed 17 | . . . 17 Kicked . | . . . . Crushed . | . . . . Highest Temperature 406 | . 258 40 406 Average Temperature 115 | . 96 12 209 Received Heat Transfer 960 | . 186 18 756 Effects 9 | . 2 . 7 Shutdowns 2 | . . . 2 Interference 5 | . 2 . 3 Matter Decay 1 | . . . 1 Short Circuit 1 | . . . 1 Siege Activations . | . . . . Robots Corrupted . | . . . . Combat Hostiles . | . . . . Parts Fried . | . . . . Impact Corruptions . | . . . . Robots Melted . | . . . . Combat Hostiles . | . . . . Parts Melted . | . . . . Heat Transferred 1175 | . 1175 . . Parts Sabotaged . | . . . . Parts Stolen . | . . . . Parts Stripped . | . . . . Power Chain Reactions . | . . . . Missiles Intercepted . | . . . . Alert | -11 -10 -9 -8 ------- Run | Jun Mat Mat Mat Peak Influence 299 | . 292 299 201 Initial 126 | . . 24 126 Average 115 | . 91 135 143 Maximum Alert Level 1 | . 1 1 1 Low Security (%) 86 | 100 84 78 96 Level 1 13 | . 15 21 3 Level 2 . | . . . . Level 3 . | . . . . Level 4 . | . . . . Level 5 . | . . . . High Security . | . . . . Max Security . | . . . . Squads Dispatched 8 | . 3 3 2 Investigation 1 | . 1 . . Extermination . | . . . . Reinforcement 7 | . 2 3 2 Assault . | . . . . Garrison . | . . . . Intercept . | . . . . Searches Triggered . | . . . . Construction Impeded . | . . . . Haulers Reinforced . | . . . . Active Scanning Responses . | . . . . Cargo Convoy Interrupts . | . . . . Stealth | -11 -10 -9 -8 --------- Run | Jun Mat Mat Mat Distress Signals 3 | . 3 . . Communications Jammed . | . . . . Distress Signals . | . . . . Times Spotted 52 | . 23 10 19 Peak Tracking Total 10 | . 4 4 10 Tactical Retreats 5 | . 2 . 3 Traps | -11 -10 -9 -8 ------- Run | Jun Mat Mat Mat Traps Triggered 1 | . 1 . . Indirectly . | . . . . Trap Hack Attempts . | . . . . Triggered . | . . . . Disarmed 6 | . 6 . . Reprogrammed . | . . . . Reused . | . . . . Traps Extracted . | . . . . Installed . | . . . . Triggered . | . . . . Machines | -11 -10 -9 -8 ---------- Run | Jun Mat Mat Mat Machines Disabled 2 | . . 2 . Max in Single Turn 1 | . . 1 . Machines Repaired . | . . . . Machines Sabotaged . | . . . . Overloaded Fab Kills . | . . . . Hacking | -11 -10 -9 -8 --------- Run | Jun Mat Mat Mat Machines Accessed 7 | . 4 2 1 Terminals 6 | . 3 2 1 Fabricators . | . . . . Repair Stations . | . . . . Recycling Units 1 | . 1 . . Scanalyzers . | . . . . Garrison Access . | . . . . Total Hacks 20 | . 11 2 7 Successful 9 | . 6 1 2 Failed 11 | . 5 1 5 Catastrophic 2 | . . 1 1 Database Lockouts . | . . . . Manual 5 | . . . 5 Terminals 16 | . 7 2 7 Fabricators . | . . . . Repair Stations . | . . . . Recycling Units 4 | . 4 . . Scanalyzers . | . . . . Garrison Access . | . . . . Terminal Hacks 7 | . 4 1 2 Robot Analysis 1 | . . . 1 Alert Level 1 | . 1 . . Unreport Threat 1 | . 1 . . Locate Traps 3 | . 1 1 1 Disarm Traps 1 | . 1 . . Fabricator Hacks . | . . . . Repair Station Hacks . | . . . . Recycling Unit Hacks 2 | . 2 . . Process 1 | . 1 . . Report Inventory 1 | . 1 . . Scanalyzer . | . . . . Garrison Access Hacks . | . . . . Unauthorized Hacks . | . . . . Terminals . | . . . . Fabricators . | . . . . Repair Stations . | . . . . Recycling Units . | . . . . Scanalyzers . | . . . . Garrison Access . | . . . . Data Cores Recovered . | . . . . Used . | . . . . Hacking Detections 7 | . 4 2 1 Full Trace Events 2 | . 2 . . Feedback Events . | . . . . Feedback Blocked . | . . . . Robot Schematics Acquired . | . . . . Robots Built . | . . . . Authchips . | . . . . Time . | . . . . Total Robot Build Rating . | . . . . Part Schematics Acquired . | . . . . Parts Built . | . . . . Authchips . | . . . . Time . | . . . . Total Part Build Rating . | . . . . Parts Repaired . | . . . . Time . | . . . . Parts Recycled . | . . . . Recycled Matter 5 | . 5 . . Retrieved Matter . | . . . . Retrieved Components . | . . . . Parts Scanalyzed . | . . . . Part Schematics Acquired . | . . . . Parts Damaged . | . . . . Bothacking | -11 -10 -9 -8 ------------ Run | Jun Mat Mat Mat Used RIF Installer . | . . . . Robots Hacked 1 | . . . 1 Non-combat . | . . . . Combat 1 | . . . 1 Robot Hacks Applied 1 | . . . 1 parse_system 1 | . . . 1 Relay Couplers Released . | . . . . Fabnet Peak Effective % . | . . . . Robots Rewired . | . . . . Allies Hacked . | . . . . Hacks Repelled . | . . . . Allies | -11 -10 -9 -8 -------- Run | Jun Mat Mat Mat Total Allies . | . . . . Largest Group . | . . . . Highest-Rated Group . | . . . . Highest-Rated Ally . | . . . . Total Orders . | . . . . Ally Attacks . | . . . . Total Damage . | . . . . Kills . | . . . . Allies Corrupted . | . . . . Allies Melted . | . . . . Intel | -11 -10 -9 -8 ------- Run | Jun Mat Mat Mat Robot Analysis Total 1 | . . . 1 Derelict Logs Recovered . | . . . . Drone Launches . | . . . . Drone Recoveries . | . . . . Exploration | -11 -10 -9 -8 ------------- Run | Jun Mat Mat Mat Turns Passed 1317 | 60 490 387 380 Spaces Moved 902 | 47 265 343 247 Core 63 | 5 . . 58 Treads 113 | . 45 15 53 Legs . | . . . . Wheels 726 | 42 220 328 136 Hover . | . . . . Flight . | . . . . Fastest Speed 50 | 50 100 90 50 Average Speed 102 | 97 110 93 108 Slowest Speed 160 | 150 160 160 160 Overloaded Moves . | . . . . Propulsion Burnouts . | . . . . Robots Hopped . | . . . . Cave-ins Triggered . | . . . . Exploration Rate (%) 30 | 4 44 39 36 Regions Visited 3 Branch Regions . Pre-discovered Areas . | . . . . Known Exits Taken . | . . . . Unknown Exits Taken 3 | 1 1 1 . Scrap Searched . | . . . . Spaces Dug . | . . . . Terrain Destroyed 97 | . 15 55 27 Melee . | . . . . Projectile 1 | . . . 1 AOE 96 | . 15 55 26 Terrain Rammed . | . . . . Walls Destroyed . | . . . . Machines Disabled . | . . . . Actions | -11 -10 -9 -8 --------- Run | Jun Mat Mat Mat Total 1107 | 58 353 376 320 Wait 27 | . 17 . 10 Move 899 | 46 264 342 247 Hop . | . . . . Pick Up 12 | 6 2 3 1 Fast Attach 12 | 6 1 1 4 Attach 10 | . 2 1 7 Detach . | . . . . Swap 16 | . 6 6 4 Drop 9 | . 1 3 5 Fire 102 | . 60 20 22 Melee 3 | . . . 3 Ram 15 | . . . 15 Kick . | . . . . Crush 2 | . . . 2 Escape Stasis . | . . . . Rewire . | . . . . Trap . | . . . . Miscellaneous . | . . . . Route ------- -11/Junkyard -10/Materials (discovered 2 exits: *Mat / [*Min]) -9/Materials -8/Materials History --------- Turn | Location | Event 18 | -11/Junkyard | Discovered new exit (range 16) 61 | -11/Junkyard | Entered Materials 317 | -10/Materials | Build established: Mutant 371 | -10/Materials | Discovered new exit (range 7) 521 | -10/Materials | Discovered new exit (range 10) 551 | -10/Materials | Entered another Materials area 551 | -9/Materials | Evolved 2 slots: Power x1, Utility x1 924 | -9/Materials | Discovered new exit (range 15) 938 | -9/Materials | Entered another Materials area 938 | -8/Materials | Evolved 2 slots: Propulsion x1, Utility x1 1205 | -8/Materials | Lost 13 parts (3p3n3u4w) 1268 | -8/Materials | Core integrity fell below 50% 1296 | -8/Materials | Core integrity fell below 20% 1318 | -8/Materials | Destroyed by G-47 Trooper with Particle Gun Last Messages --------------- G-47 Trooper misfires. K-01 Serf destroyed. K-01 Serf collects debris. Acquired ECM Suite. Lgt. Treads destroyed. ALERT: Hostiles spotted, dispatching reinforcements to Terminal M004. Dropped Sml. Storage Unit. Slammed into T-07 Excavator. Slammed into W-25 Informer. Slammed into S-10 Pest. Slammed into G-47 Trooper. Slammed into Y-45 Defender. O-16 Technician: "IFF HANDSHAKE FAILED. SECURING TERMINAL." Slammed into W-25 Informer. ALERT: Hostiles spotted, dispatching reinforcements to Terminal M003. Slammed into U-05 Engineer. Slammed into G-47 Trooper. ECM Suite destroyed. Critical hit (Burn: +37). Slammed into G-47 Trooper. Map ----- +----------------------------------------------------+ | ?????????????????????????????????????????? ??? | | ?????????????????????????????????????????? ### | | ?????????????????????????????????????????? | | ?????????????????????????????????????????? | | ?????????????????????????????????????????? | | ?????????????????????????????????????????? | | ?????????????????????????????????????????? | | ????????????????????????????????????????######### | | ????????????????????????????????????????# "T"??# | | ????????????????????????????????????????# ## | | ????????????????????????????????????????# # | | ????????????????????????????????????????# !+ | | ????????????????????????????????????????# # | | ????????????????????????????????????????# # # | | ????????????????????????????????????????# ?# # | | ????????????????????????????????????????# !] ?# # | | ????????????????????????????????????????#] ]] # # | | ????????????????????????????????????????# # # | | ????????????????????????????????????????# + | | ???????????????????????????????????????# # # | | ????????????????????????###????????????## # # | | ???????????????????????? #?????????????######?# # | | ????????????????????????# #????????????????????# # | | ????????????????????????# #????????????????????# # | | ????????????????????????# #???????????????######+# | | ???????????????????????##@##??????????????# | | ????????????????######## g##### #????##### """ | | ????????????????# = + T a #????# + """"" | | ????????????????# #ggg#######????# # """"" | | ????????????????# """ ##s##???##?????# / """"" | | ????????????????# """ ## #????# ????# # """ | | ????????????????# """ =## #????# ??# # | | ????????????????# ## ####?#!! ?# # | | ????????????????######### #?#! # #/ | | ????????????????????????#### #?# ! ######## | | ???????????????????????????# #?# ! # #??????? | | ???????????????????????????# #?######## ##?????? | | ???????????????????????????# #???????# #?????? | | ???????????????????????????# ######### #?????? | | ???????????????????????????# + | | ???????????????????????????########### [ #?????? | | ?????????????????????????????????????# #?????? | | ?????????????????????????????????????#######?????? | | ?????????????????????????????????????????????????? | | | | | | | | | | | | | +----------------------------------------------------+ Best States ------------- Heat Dissipation 31 Energy Generation 23 Energy Capacity 400 Matter Stores 300 Matter Capacity 300 Sight Range 16 Robot Scan Range 14 Terrain Scan Range 16 Terrain Scan Density 10 ECM Strength 2 Evasion (%) 42 Recoil Reduction 2 Defensive Hacking 10 Item Schematics ----------------- None Robot Schematics ------------------ None Fabricated ------------ Nothing Alien Tech Used ----------------- None Achievements -------------- None Challenges ------------ None Game ------ Seed LightningHeavyInverter Manual? 0 Play Time 00:27:31 Cumulative 8.6 hours Start 2023.09.22 @ 09:53:39 End 2023.09.23 @ 00:47:43 Sessions 2 Manual Loads 0 Difficulty Rogue Special Mode None Game No. 13 Rogue 13 Adventurer 0 Explorer 0 Win Type - Total 0 Types 0/0/0/0/0/0/0/0/0 Lore% 16 Gallery% 13 Achievement% 13 Wizard Run 0 Options --------- ASCII 1 Keyboard 0 Movement Numpad Keybinds 0 Fullscreen 2 Font 18/CogNarrow Map View 76x50 Tactical HUD 0 Map Filters NONE Filters NONE Steam 1 RUN: a4f37deb-5d95-42b7-990b-f86287f6532e